Map: Ephemeron LE

Players

pHARM

  • Race: Zerg Zerg
  • League: Platinum
  • Spawn Location: 11:00

Aveil - Winner!

  • Race: Protoss Protoss
  • League: Platinum
  • Spawn Location: 5:00

VOD

Have the link to the VOD?

Description

Time

  • Played on: Sept. 14, 2019, 8:34 p.m.
  • Length: 13:18
Show
View Real Time Build Order
Export as new Build Order

pHARM Zerg 

Build Orders: Hatch First 

Get SALT Encoding   

  12  0:03  Drone  
  13  0:13  Overlord  
  13  0:18  Drone  
  14  0:32  Drone  
  14  0:33  Drone  
  16  0:52  Hatchery  
  16  0:57  Drone x2  
  17  1:01  Drone  
  18  1:16  Spawning Pool  
  17  1:20  Drone  
  17  1:22  Drone  
  19  1:32  Drone  
  20  1:40  Extractor  
  20  1:42  Drone  
  20  1:51  Overlord  
  20  2:04  Queen x2  
  20  2:06  Drone x2  
  26  2:15  Overlord  
  26  2:20  Drone  
  27  2:27  Drone x2  
  29  2:37  Spine Crawler  
  28  2:39  Spine Crawler  
  27  2:50  Drone x4  
  33  2:52  Pneumatized Carapace  
  33  2:56  Overlord  
  33  3:04  Drone  
  34  3:10  Queen  
  36  3:14  Drone x2  
  38  3:23  Evolution Chamber  
  38  3:25  Evolution Chamber, Drone x7  
  43  3:33  Drone x2  
  45  3:40  Extractor  
  44  3:41  Extractor  
  43  3:50  Zerg Melee Weapons Level 1  
  43  3:53  Zerg Missile Weapons Level 1  
  43  4:03  Drone x3  
  46  4:11  Drone x2  
  46  4:12  Drone x2  
  46  4:14  Zergling x4  
  46  4:16  Metabolic Boost  
  52  4:20  Overlord x3  
  45  4:47  Spore Crawler  
  36  4:54  Spore Crawler  
  36  4:55  Drone x7  
  36  4:56  Spore Crawler  
  36  5:01  Queen  
  36  5:02  Queen  
  36  5:03  Drone x4  
  44  5:39  Drone x6  
  52  5:51  Zerg Ground Armor Level 1  
  52  5:56  Lair  
  50  6:00  Zergling x2, Drone  
  50  6:01  Zergling x6  
  53  6:33  Hatchery  
  52  6:51  Drone  
  53  6:58  Drone x2  
  53  6:59  Hydralisk Den  
  54  7:15  Zerg Melee Weapons Level 2  
  54  7:20  Extractor  
  53  7:30  Grooved Spines, Nydus Network  
  53  7:32  Hydralisk x12  
  76  7:44  Zerg Missile Weapons Level 2  
  76  7:53  Hatchery  
  76  7:55  Hydralisk x3  
  81  8:15  Overlord x2  
  81  8:16  Overlord  
  81  8:23  Overlord  
  81  8:24  Overlord  
  81  8:32  Nydus Canal  
  81  8:39  Hydralisk x8  
  81  8:41  Overlord x4  
  97  8:59  Nydus Canal  
  97  9:07  Spire  
  97  9:09  Hydralisk x3  
  102  9:16  Nydus Canal  
  102  9:22  Hydralisk x2  
  106  9:24  Drone  
  106  9:25  Drone x9  
  116  9:45  Drone x5  
  117  9:46  Drone x7  
  123  10:00  Hydralisk  
  123  10:01  Hydralisk x4  
  116  10:14  Zergling x16  
  116  10:15  Zergling x4  
  116  10:21  Corruptor x2  
  101  11:07  Extractor x2  
  93  11:15  Drone x2  
  93  11:17  Drone x2  
  74  11:33  Hatchery  
  73  11:47  Corruptor x10  
  93  12:00  Corruptor x2  
  97  12:03  Zergling x12  
  97  12:04  Queen x3  
  98  12:37  Hatchery  
  98  12:39  Queen  
Show
View Real Time Build Order
Export as new Build Order

Aveil Protoss - Winner!

Build Orders: Oracle Opening, Carriers 

Get SALT Encoding   

  12  0:04  Probe  
  13  0:16  Probe (Chrono Boost)  
  13  0:17  Pylon  
  14  0:27  Probe (Chrono Boost)  
  15  0:33  Probe  
  16  0:40  Gateway  
  16  0:46  Probe  
  17  0:54  Assimilator  
  17  0:58  Probe  
  17  1:02  Pylon  
  18  1:10  Probe (Chrono Boost)  
  20  1:19  Probe (Chrono Boost)  
  20  1:22  Forge  
  20  1:24  Probe (Chrono Boost)  
  20  1:30  Cybernetics Core  
  21  1:36  Probe  
  21  1:39  Assimilator  
  22  1:56  Photon Cannon  
  22  2:01  Photon Cannon  
  22  2:12  Stargate  
  22  2:23  Probe  
  23  2:54  Nexus  
  23  2:59  Oracle (Chrono Boost)  
  23  3:00  Pylon  
  26  3:22  Photon Cannon  
  26  3:28  Photon Cannon  
  26  3:30  Oracle (Chrono Boost), Pylon  
  29  3:39  Probe  
  30  3:52  Probe  
  31  4:00  Oracle  
  34  4:07  Probe  
  35  4:13  Probe  
  35  4:15  Photon Cannon  
  36  4:19  Probe  
  37  4:25  Probe  
  37  4:28  Assimilator  
  39  4:31  Probe  
  39  4:37  Probe  
  40  4:55  Oracle  
  40  4:56  Probe x2  
  45  5:08  Probe x2  
  47  5:18  Assimilator  
  47  5:20  Probe x2  
  49  5:24  Photon Cannon  
  49  5:27  Photon Cannon  
  49  5:30  Fleet Beacon  
  49  5:34  Probe x2  
  51  5:46  Probe x2  
  53  5:51  Oracle  
  56  6:00  Probe x2  
  58  6:05  Photon Cannon  
  58  6:08  Photon Cannon  
  58  6:27  Nexus  
  58  6:31  Pylon  
  55  6:45  Carrier (Chrono Boost)  
  61  6:57  Stargate  
  61  7:00  Stargate  
  61  7:04  Pylon  
  61  7:05  Photon Cannon  
  61  7:07  Photon Cannon  
  61  7:09  Probe x2  
  61  7:11  Pylon  
  61  7:12  Pylon  
  63  7:21  Probe  
  64  7:24  Probe  
  65  7:30  Photon Cannon  
  65  7:33  Probe  
  65  7:36  Photon Cannon  
  66  7:38  Photon Cannon  
  66  7:39  Probe x2  
  66  7:42  Photon Cannon  
  68  7:45  Probe  
  68  7:47  Assimilator  
  68  7:50  Assimilator  
  69  7:51  Probe  
  69  7:52  Probe  
  71  8:04  Carrier (Chrono Boost)  
  71  8:05  Carrier (Chrono Boost)  
  83  8:19  Protoss Shields Level 1  
  89  8:21  Carrier (Chrono Boost)  
  89  8:22  Probe  
  89  8:23  Probe  
  89  8:24  Probe  
  92  8:32  Protoss Air Weapons Level 1  
  92  8:56  Probe  
  92  8:57  Probe x2  
  92  8:58  Carrier (Chrono Boost)  
  92  8:59  Carrier (Chrono Boost)  
  107  9:08  Probe  
  108  9:19  Pylon  
  108  9:27  Pylon  
  108  9:34  Pylon  
  108  9:36  Carrier  
  114  9:39  Probe x2  
  124  9:53  Nexus  
  124  9:55  Carrier  
  129  10:26  Photon Cannon  
  129  10:28  Photon Cannon x2  
  126  10:30  Photon Cannon  
  104  10:51  Photon Cannon  
  104  10:56  Mothership (Chrono Boost)  
  89  11:00  Carrier x2  
  109  11:30  Probe x2  
  111  11:39  Nexus  
  111  11:42  Probe x2  
  113  11:54  Probe x2  
  115  12:06  Probe  
  116  12:11  Pylon  
Tags
 
Add a new tag
Caveats
  • Supply blocks, unpowered buildings, or Contaminate may cause inaccurate times.
  • Supply counts are checked every 10 seconds.